 Dungeon Crawl Stone Soup version 0.30-a0-800-g7c544603b3 (webtiles) character file.

Game seed: 358098682694533576

4580 bmack86 the Cleaver (level 10, -13/88 HPs)
             Began as a Minotaur Fighter on Feb 23, 2023.
             Was a Priest of Okawaru.
             Mangled by Grum
             ... wielding a +1 glaive
              (16 damage)
             ... on level 8 of the Dungeon.
             The game lasted 00:19:17 (6885 turns).

bmack86 the Cleaver (Minotaur Fighter)              Turns: 6885, Time: 00:19:18

Health: -13/88     AC: 17    Str: 26    XL:     10   Next: 18%
Magic:  11/11      EV:  7    Int:  5    God:    Okawaru [***...]
Gold:   363        SH: 15    Dex:  9    Spells: 9/9 levels left

rFire   + . .      SeeInvis +    q - +2 hand axe (elec)
rCold   x . .      Faith    .    E - +0 kite shield
rNeg    . . .      Spirit   .    n - +0 chain mail
rPois   .          Reflect  +    v - +2 hat
rElec   .          Harm     .    f - +0 cloak
rCorr   .          Rampage  .    (no gloves)
Will    .....                    G - +2 pair of boots Stlth
                                 r - amulet of reflection
HPRegen 0.34/turn                y - ring of see invisible
MPRegen 0.12/turn                u - ring of fire

@: studying Shields
A: horns 2, retaliatory headbutt
a: Renounce Religion, Heroism


You were on level 8 of the Dungeon.
You worshipped Okawaru.
Okawaru was most pleased with you.
You visited 2 branches of the dungeon, and saw 9 of its levels.
You also visited: Sewer.

You collected 525 gold pieces.
You spent 162 gold pieces at shops.

Inventory:

Hand Weapons
 a - a +1 war axe of flaming
 q - a +2 hand axe of electrocution (weapon)
Missiles
 k - 5 javelins
 x - 4 throwing nets
 z - 9 poisoned darts
 F - 3 boomerangs (quivered)
Armour
 f - a +0 cloak (worn)
 n - a +0 chain mail (worn)
 v - a +2 hat (worn)
 E - a +0 kite shield (worn)
 G - a +2 pair of boots (worn)
Jewellery
 b - an amulet of the acrobat
 r - an amulet of reflection (around neck)
 u - a ring of fire (right hand)
 y - a ring of see invisible (left hand)
Wands
 A - a wand of paralysis (11)
 D - a wand of mindburst (22)
Scrolls
 c - a scroll of amnesia {unknown}
 j - 2 scrolls of teleportation
 B - 4 scrolls of blinking
Potions
 d - 3 potions of might
 e - 2 potions of attraction
 g - 2 potions of lignification
 h - 5 potions of resistance
 i - 4 potions of cancellation
 l - 2 potions of brilliance
 m - 3 potions of haste
 o - 2 potions of mutation
 p - 3 potions of magic
 s - 2 potions of flight
 t - 2 potions of curing
 w - 3 potions of ambrosia
 C - a potion of degeneration {unknown}


   Skills:
 + Level 8.0 Fighting
 * Level 10.3 Axes
 + Level 5.5 Throwing
 + Level 8.0 Armour
 + Level 9.3 Shields
 + Level 3.7 Invocations


You had 9 spell levels left.
You didn't know any spells.
Your spell library contained the following spells:

 Spells                   Type           Power      Damage    Failure   Level
 Ensorcelled Hibernation  Hex/Ice        0%         N/A       100%        2
 Passwall                 Tmut/Erth      0%         N/A       100%        2
 Swiftness                Air            0%         N/A       100%        3
 Teleport Other           Tloc           0%         N/A       100%        3
 Iskenderun's Mystic Bla  Conj/Tloc      0%         2d3       100%        4
 Irradiate                Conj/Tmut      0%         3d11      100%        5
 Yara's Violent Unravell  Hex/Tmut       0%         3d3       100%        5


Dungeon Overview and Level Annotations

Branches:
Dungeon (8/15)             Temple (1/1) D:6           Sewer (visited)
   Lair: D:8-11

Altars:
Ashenzari
Dithmenos
Elyvilon
Fedhas
Gozag
Makhleb
Okawaru
Qazlal
Ru
Wu Jian
Yredelemnul
The Shining One

Shops:
D:3 !?

Annotations:
D:8 Grum


Innate Abilities, Weirdness & Mutations

You have a pair of horns on your head.
You reflexively headbutt those who attack you in melee.


Message History

The wolf is moderately wounded.
You hit the wolf but do no damage. The wolf bites you!
* * * LOW HITPOINT WARNING * * *
You block the wolf's attack. The wolf closely misses you.
You furiously retaliate!
You headbutt the wolf! You block the wolf's attack. You block Grum's attack.
You hit the wolf. You headbutt the wolf.
You kill the wolf!
Okawaru accepts your kill.
You miss the wolf. You block the wolf's attack.
Grum hits you from afar with a +1 glaive!
* * * LOW HITPOINT WARNING * * *
The wolf bites you but does no damage.
Your Armour skill increases to level 8!
You feel better. You block the wolf's attack.
Grum hits you from afar with a +1 glaive!
* * * LOW HITPOINT WARNING * * *
The wolf closely misses you. You block the wolf's attack.
You block Grum's attack.
Items here: ))) ? [ ††.
You slash Grum! Your headbutt misses Grum.
Grum is moderately wounded.
You barely miss the wolf. The wolf closely misses you. You furiously retaliate!
You headbutt the wolf! You block Grum's attack.
You slash Grum! Lightning courses through Grum! Your headbutt misses Grum.
Grum is severely wounded.
You barely miss the wolf. You block the wolf's attack.
The wolf bites you but does no damage.
You slash Grum!
Grum is almost dead.
You hit the wolf. You block the wolf's attack. You block Grum's attack.
You block the wolf's attack.
You barely miss Grum.
Grum is almost dead.
You hit the wolf. Lightning courses through the wolf!
You kill the wolf!
Okawaru accepts your kill.
Okawaru will now gift you throwing weapons as you gain piety.
Grum hits you with a +1 glaive!
You die...

### ## #># .# .#.###
.###.# ....# ###.....#
######.#.######)@g...#
#..............)####.#
.........##..####
.........###..#####
#.....)...........#
#...).))..#######...
#........## #
.........# ......)..#


You could see Grum.

Vanquished Creatures
  Pikel (D:7)
  Grinder (D:5)
  2 steam dragons
  Menkaure (D:7)
  Edmund (D:5)
  A water moccasin (D:7)
  Duvessa (D:5)
  2 sky beasts
  A black bear (D:6)
  3 centaurs
  3 wolves (D:8)
  4 ogres
  A phantom (D:7)
  2 kobold brigands (Sewer)
  A bullfrog (D:6)
  A gnoll sergeant (D:7)
  4 scorpions
  A necrophage (D:6)
  3 wights (D:7)
  Dowan (D:5)
  3 killer bees (D:7)
  2 jellies
  8 hounds
  3 orc priests
  2 gnoll boudas
  4 iguanas
  4 orc wizards
  Ijyb (D:5)
  10 adders
  19 gnolls
  10 river rats
  2 white imps
  An ufetubus (D:5)
  5 dart slugs
  3 worms
  16 orcs
  13 ball pythons
  11 endoplasms
  5 giant cockroaches
  10 goblins
  4 hobgoblins
  8 jackals
  15 kobolds
  2 quokkas
  7 bats
  7 frilled lizards
  28 rats
238 creatures vanquished.

Notes
Turn   | Place    | Note
-------+----------+-------------------------------------------
     0 | D:1      | bmack86 the Minotaur Fighter began the quest for the Orb.
     0 | D:1      | Reached XP level 1. HP: 19/19 MP: 0/0
   123 | D:1      | Reached XP level 2. HP: 26/27 MP: 1/1
   133 | D:1      | Reached skill level 3 in Axes
   295 | D:1      | Reached XP level 3. HP: 29/33 MP: 2/2
   386 | D:1      | Got Sif Muna's Cyclopedia of Displaced Shapes
   813 | D:2      | Reached XP level 4. HP: 39/40 MP: 3/3
   918 | D:2      | Found a faded altar of an unknown god.
  1354 | D:3      | Found Piosh's Distillery.
  1418 | D:3      | Bought a potion of flight for 42 gold pieces
  1418 | D:3      | Bought a potion of curing for 42 gold pieces
  1455 | D:3      | Reached skill level 4 in Axes
  1467 | D:3      | Found Yxuomet's Magic Scroll Emporium.
  1470 | D:3      | Bought a scroll of identify for 26 gold pieces
  1470 | D:3      | Bought a scroll of identify for 26 gold pieces
  1470 | D:3      | Bought a scroll of identify for 26 gold pieces
  2102 | D:4      | Reached skill level 1 in Throwing
  2102 | D:4      | Reached XP level 5. HP: 35/47 MP: 4/4
  2182 | D:4      | Found a blossoming altar of Fedhas.
  2191 | D:4      | Found a white marble altar of Elyvilon.
  2323 | D:4      | Reached XP level 6. HP: 53/53 MP: 5/5
  2340 | D:4      | Reached skill level 5 in Axes
  2382 | D:4      | Found a glowing drain.
  2391 | Sewer    | Entered a sewer
  2478 | Sewer    | Reached skill level 5 in Fighting
  2483 | Sewer    | Reached skill level 5 in Shields
  2539 | Sewer    | Reached skill level 5 in Armour
  2651 | Sewer    | Reached XP level 7. HP: 61/61 MP: 6/6
  3205 | D:4      | Reached skill level 6 in Axes
  3532 | D:5      | Entered Level 5 of the Dungeon
  3567 | D:5      | Noticed Dowan
  3575 | D:5      | Noticed Duvessa
  3583 | D:5      | Killed Dowan
  3586 | D:5      | Killed Duvessa
  3682 | D:5      | Noticed Grinder
  3688 | D:5      | Paralysed by Grinder for 2 turns
  3700 | D:5      | Paralysed by Grinder for 4 turns
  3709 | D:5      | Paralysed by Grinder for 4 turns
  3715 | D:5      | Killed Grinder
  3716 | D:5      | Reached skill level 7 in Axes
  3716 | D:5      | Reached XP level 8. HP: 20/70 MP: 7/7
  4228 | D:5      | Noticed Ijyb
  4240 | D:5      | Killed Ijyb
  4458 | D:5      | Noticed Edmund
  4464 | D:5      | Killed Edmund
  4879 | D:6      | Identified a scroll of acquirement
  4879 | D:6      | Acquired a manual of Shields
  4991 | D:6      | Found a staircase to the Ecumenical Temple.
  5000 | Temple   | Entered the Ecumenical Temple
  5014 | Temple   | Became a worshipper of Warmaster Okawaru
  5129 | D:6      | Reached skill level 8 in Axes
  5129 | D:6      | Reached skill level 1 in Invocations
  5331 | D:6      | Reached XP level 9. HP: 66/78 MP: 9/9
  5357 | D:6      | Reached * piety under Okawaru
  5445 | D:6      | Found a stormy altar of Qazlal.
  5754 | D:7      | Noticed Pikel
  5761 | D:7      | Reached skill level 9 in Axes
  5766 | D:7      | Killed Pikel
  5772 | D:7      | Reached skill level 5 in Throwing
  5928 | D:6      | Reached ** piety under Okawaru
  6209 | D:7      | Noticed Menkaure
  6218 | D:7      | Killed Menkaure
  6219 | D:7      | Reached skill level 10 in Axes
  6418 | D:7      | Reached XP level 10. HP: 88/88 MP: 11/11
  6863 | D:8      | Noticed Grum
  6879 | D:8      | HP: 3/88 [Grum/+1 glaive (16)]
  6885 | D:8      | Reached *** piety under Okawaru
  6885 | D:8      | Mangled by Grum

Illustrated notes

Levels and vault maps discovered:
D:1:      lemuel_arrival_river_passageway, layout_basic
D:2:      layout_basic, chequers_ecumenical_altar_island
D:3:      layout_basic, serial_co_window_serial, co_window_corner_a,
          co_window_of_opportunity_a, co_window_paths_a, co_window_cross_1,
          co_window_corner_a, co_window_broadway_b, co_window_2corner,
          co_window_broadway_c, co_window_2corner, co_window_unsneaky_path_b,
          glass_columns_a, glass_columns_b, glass_columns_b, glass_columns_b,
          glass_columns_c, serial_shops, nicolae_shop_window_shopping,
          shop_coins
D:4:      layout_cave_pools, grunt_temple_overflow_open,
          lightli_sewer_entry_pipes
D:5:      layout_loops_corners, grunt_decor_arrowhead, uniq_grinder,
          uniq_edmund, uniq_duvessa, uniq_ijyb
D:6:      layout_cave_pools, mainiacjoe_overflow_surrounded_room,
          temple_statues, serial_glass, glass_columns_b, glass_columns_b,
          grunt_decor_one_mirror, minmay_quadrilaterals
D:7:      layout_rooms, uniq_pikel, uniq_menkaure
D:8:      layout_rooms, serial_shops, nicolae_shop_stone,
          hangedman_feature_mirror, uniq_grum, uniq_amaemon
Temple:   compressed_dpeg_triangle_lava_temple

Skill      XL: |  1  2  3  4  5  6  7  8  9 10 |
---------------+-------------------------------+-----
Axes           | 3 4 5 7 8 10 | 10.3
Armour         | 4 5 6 7 8 |  8.0
Shields        | 4 5 7 9 |  9.3
Fighting       | 4 5 6 7 8 |  8.0
Throwing       | 1 2 3 4 5 |  5.5
Invocations    | 1 3 |  3.7

Action                     |  1- 3 |  4- 6 |  7- 9 | 10-12 || total
---------------------------+-------+-------+-------+-------++-------
  Melee: War axe           |    90 |     4 |       |       ||    94
         Headbutt          |     8 |    13 |    30 |     8 ||    59
         Hand axe          |       |   191 |   212 |    80 ||   483
  Throw: Javelin           |       |       |     2 |       ||     2
 Invoke: Heroism           |       |       |     1 |       ||     1
    Use: Scroll            |       |     7 |    11 |     2 ||    20
         Potion            |       |       |       |     1 ||     1
 Armour: Scale mail        |    42 |       |       |       ||    42
         Chain mail        |     8 |   100 |   103 |    40 ||   251
  Dodge: Dodged            |    53 |    67 |    82 |    19 ||   221
  Block: Buckler           |    34 |    86 |    67 |       ||   187
         Reflection        |       |     3 |     7 |     2 ||    12
         Kite shield       |       |       |    69 |    60 ||   129

Table legend: (Time is in decaauts)
 A = Elapsed time spent in this place.
 B = Non-inter-level travel time spent in this place.
 C = Inter-level travel time spent in this place.
 D = Time resting spent in this place.
 E = Time spent auto-exploring this place.
 F = Levels seen in this place.
 G = Mean time per level.
                   A        B        C        D        E       F      G
               +--------+--------+--------+--------+--------+-----+--------+
         Total |   6998 |   6823 |    175 |    277 |   4012 |  10 |  699.8 |
       Dungeon |   6297 |   6122 |    175 |    197 |   3730 |   8 |  787.1 |
        Temple |     75 |     75 |      0 |      0 |      0 |   1 |   75.0 |
         Sewer |    624 |    624 |      0 |     80 |    282 |   1 |  624.0 |
               +--------+--------+--------+--------+--------+-----+--------+

Top non-repeatable levels by time:
     D:5: 1345 daAuts
     D:6: 1016 daAuts
     D:4: 939 daAuts
     D:3: 874 daAuts
     D:7: 727 daAuts
     D:1: 706 daAuts
   Sewer: 624 daAuts
     D:2: 512 daAuts
     D:8: 175 daAuts
  Temple: 75 daAuts
